[Event "*** Titled Tuesday 3|2 Blitz"]
[Site "Chess.com"]
[Date "2016.09.06"]
[Round "8"]
[White "nihalsarin"]
[Black "goingin33"]
[Result "1-0"]
[WhiteElo "2427"]
[BlackElo "2159"]
[TimeControl "180+2"]
[EndTime "12:41:55 PDT"]
[Termination "nihalsarin won by resignation"]

1. e4 e6 2. d4 d5 3. Nd2 Be7 4. Ngf3 Nf6 5. e5 Nfd7 6. Bd3 c5 7. c3 Nc6 8. O-O g5 9. h3 h5 10. g4 hxg4 11. hxg4 Qb6 12. dxc5 Nxc5 13. Bc2 Nd7 14. Qe2 Qc7 15. Re1 b6 16. Nb3 a5 17. Bd3 Nc5 18.
Bb5 Bd7 19. Kg2 Ne4 20. Nbd2 Nxe5 21. Bxd7+ Kxd7 22. Nxe4 Nxf3 23. Qxf3 Rh2+ 24. Kg1 dxe4 25. Qxe4 Rah8 26. Be3 Bd6 27. Kf1 b5 28. Rad1 Rh1+ 29. Ke2 Rxe1+ 30. Kxe1 Qc6 31. Qxc6+ Kxc6 32. Ke2 f6 33.
Bd4 e5 34. Be3 Rh4 35. Kf3 e4+ 36. Kxe4 Rxg4+ 37. Kf5 Ra4 38. a3 Be5 39. Bxg5 Bxc3 40.
Rc1 fxg5 41. Rxc3+ Kd6 42. Kxg5 b4 43. Re3 bxa3 44.
bxa3 Rc4 45. f4 Rc1 46. f5 Rg1+ 47. Kf6 a4 48. Re4 Rg8 49. Rxa4 Rf8+ 50. Kg6 Rg8+ 51. Kf7 Rg3 52. Re4 Rxa3 53. f6 Rg3 54. Kf8 Kd7 55. f7 Rg6 56. Rd4+ Kc7 57. Ke7 1-0

[Event "*** Titled Tuesday 3|2 Blitz"]
[Site "Chess.com"]
[Date "2016.09.06"]
[Round "8"]
[White "Andrejkin"]
[Black "Generalas"]
[Result "1-0"]
[WhiteElo "2201"]
[BlackElo "2150"]
[TimeControl "180+2"]
[EndTime "12:42:31 PDT"]
[Termination "Andrejkin won by resignation"]

1. d4 Nf6 2. c4 c5 3. d5 b5 4. cxb5 a6 5. bxa6 g6 6. Nc3 Bxa6 7. e4 Bxf1 8. Kxf1 d6 9. Nf3 Bg7 10. g3 Nbd7 11. Kg2 O-O 12. a4 Qb6 13. Qe2 Rfb8 14. Ra3 Ne8 15. Nb5 Qa6 16. Re1 Rb7 17. b3 Rab8 18.
Nd2 Nc7 19. Nxc7 Qxe2 20. Rxe2 Rxc7 21. Nc4 Rcb7 22. Re3 Bd4 23. Rd3 Ne5 24. Nxe5 Bxe5 25. a5 Ra8 26. Bd2 Kf8 27. Be1 Ke8 28. f4 Bg7 29. Kf3 Kd7 30. Ke2 Ra6 31. Kd2 Rb4 32.
Re3 Rd4+ 33. Kc2 e6 34. Bc3 exd5 35. exd5 c4 36. Bxd4 Bxd4 37. Re4 cxb3+ 38. Kxb3 Bg1 39. Re2 Bc5 40. Raa2 Ba7 41. Kc4 Bb8 42. Kb5 Ra7 43. a6 Bc7 44. Rac2 Bd8 45. Rc6 h5 46. Rec2 Ra8 47.
Kc4 Ra7 48. Kd4 Ra8 49. Ke4 Ra7 50. h3 Ra8 51. Ra2 Ra7 52. Kf3 Bc7 53. g4 h4 54.
Ke4 Bd8 55. g5 Bc7 56. Kf3 Bd8 57. Kg4 f6 58. Kxh4 f5 59. Kg3 Ke7 60. Rb2 1-0

[Event "*** Titled Tuesday 3|2 Blitz"]
[Site "Chess.com"]
[Date "2016.09.06"]
[Round "8"]
[White "popov_m"]
[Black "macko06"]
[Result "1-0"]
[WhiteElo "2149"]
[BlackElo "2174"]
[TimeControl "180+2"]
[EndTime "12:42:34 PDT"]
[Termination "popov_m won on time"]

1. Nf3 Nf6 2. c4 e6 3. Nc3 Bb4 4. Qc2 c5 5. a3 Bxc3 6. Qxc3 O-O 7. d3 b6 8. Bg5 Bb7 9. e3 d6 10. Be2 Nbd7 11. O-O h6 12. Bh4 d5 13. Rfd1 Qc7 14.
Rac1 Rac8 15. Bg3 Qc6 16. cxd5 Nxd5 17. Qc2 b5 18. b3 Qb6 19. Qb2 a6 20. d4 cxd4 21.
Nxd4 N7f6 22. Bf3 Rxc1 23. Rxc1 Rc8 24. b4 Qd8 25. Nb3 Rxc1+ 26. Qxc1 Qc8 27. Nc5 Ba8 28. h3 Nb6 29. Be2 Bd5 30. Be5 Nfd7 31. Ba1 Nxc5 32. bxc5 Na4 33. Bd4 e5 34. Bxe5 Qxc5 35. Qd2 Be6 36.
Qd8+ Qf8 37. Qd4 f6 38. Bd6 Qd8 39. Bf3 Qd7 40. h4 Nb2 41. Qc5 Nc4 42. Bb8 Qc8 43. Qxc8+ Bxc8 44. Bd5+ Kf8 45. Ba7 Ke8 46. Bc5 Ne5 47.
Kf1 a5 48. Ke2 Nf7 49. Bc6+ 1-0

[Event "*** Titled Tuesday 3|2 Blitz"]
[Site "Chess.com"]
[Date "2016.09.06"]
[Round "8"]
[White "andretta"]
[Black "AnastasiaProtopopova"]
[Result "1-0"]
[WhiteElo "2290"]
[BlackElo "2093"]
[TimeControl "180+2"]
[EndTime "12:42:35 PDT"]
[Termination "andretta won by resignation"]

1. b3 d5 2. Bb2 Bg4 3. f3 Bf5 4. e4 dxe4 5. Qe2 exf3 6. Nxf3 c6 7. d3 e6 8. Nbd2 Nf6 9. Nh4 Bg4 10. Qf2 Be7 11.
Be2 Bxe2 12. Qxe2 Nbd7 13. O-O-O O-O 14. g4 Nd5 15. Ng2 Bf6 16. d4 c5 17. Nf3 cxd4 18. Nxd4 Rc8 19. Kb1 Nc3+ 20. Bxc3 Rxc3 21. Nb5 Rc5 22.
c4 a6 23. Nd6 Qc7 24. Ne4 Be5 25. Nxc5 Nxc5 26. Rhf1 g6 27. g5 Bg7 28. h4 Qa5 29.
Rf3 b5 30. h5 bxc4 31. h6 Bh8 32. Qxc4 Qa3 33. Rd2 a5 34. Rc2 Nd7 35. Re3 Ne5 36. Qc5 Qxc5 37. Rxc5 Rd8 38. Rcxe5 Bxe5 39. Rxe5 Rd1+ 40.
Kc2 Ra1 41. Kb2 Rd1 42. Ne3 Rd2+ 43. Nc2 f6 44. Rxa5 fxg5 45. Rxg5 Rh2 46. a4 Rxh6 47.
a5 Rh2 48. a6 Rd2 49. Rb5 Rd8 50. a7 1-0

[Event "*** Titled Tuesday 3|2 Blitz"]
[Site "Chess.com"]
[Date "2016.09.06"]
[Round "8"]
[White "maciek_92"]
[Black "OparinGrigoriy"]
[Result "1-0"]
[WhiteElo "2547"]
[BlackElo "2592"]
[TimeControl "180+2"]
[EndTime "12:43:15 PDT"]
[Termination "maciek_92 won by checkmate"]

1. c4 e6 2. Nf3 Nf6 3. d4 b6 4. g3 Ba6 5. b3 Bb4+ 6. Bd2 Be7 7.
Bg2 d5 8. O-O O-O 9. Qc2 c6 10. Ne5 Nfd7 11. Nf3 Nf6 12. Ne5 Nfd7 13. Nd3 Bf6 14. e3 Bb7 15. Nc3 a5 16. Rfd1 Na6 17. a3 Qe7 18. Be1 Rfd8 19. Nf4 g6 20. e4 Rac8 21. e5 Bg7 22. h4 Ba8 23. Qe2 Ndb8 24. cxd5 cxd5 25. Nb5 Nc7 26. Na7 Nc6 27. Nxc8 Rxc8 28.
Qb2 Nb5 29. Bf1 Nc7 30. b4 Bb7 31. b5 Na7 32. Rac1 Ne8 33. Rxc8 Bxc8 34. Rc1 Bd7 35. a4 Bf8 36. Bd3 Nc8 37. Bd2 Qd8 38. h5 Ne7 39. hxg6 fxg6 40. Kg2 Ng7 41. g4 h5 42. Qc2 hxg4 43.
Qc7 Qe8 44. Qxb6 Nef5 45. Rh1 g5 46. Bxf5 exf5 47. Nxd5 Qa8 48. Bxg5 Qxd5+ 49. Kg1 Be6 50. Qd8 Kf7 51. Rh8 Qxd8 52. Bxd8 Bb4 53. Bf6 Ne8 54.
b6 Bd5 55. b7 Bxb7 56. Rh7+ Ke6 57. Rxb7 Kd5 58. Rd7+ Ke6 59. Rd8 Nc7 60. Kg2 f4 61. f3 g3 62. Bg5 Kf5 63. Bh6 Ne6 64. Rd7 Kg6 65. d5 Nc5 66. Rd6+ Kf5 67. e6 Nd3 68. e7 Ne1+ 69. Kh3 g2 70. e8=Q g1=Q 71.
Qe4# 1-0

[Event "*** Titled Tuesday 3|2 Blitz"]
[Site "Chess.com"]
[Date "2016.09.06"]
[Round "8"]
[White "putinwarrior"]
[Black "ChessWarrior7197"]
[Result "1/2-1/2"]
[WhiteElo "2356"]
[BlackElo "2467"]
[TimeControl "180+2"]
[EndTime "12:43:52 PDT"]
[Termination "Game drawn - insufficient material"]

1. d4 Nf6 2. Bg5 Ne4 3. Bf4 c5 4. f3 Nf6 5. dxc5 Qa5+ 6. Qd2 Qxc5 7. e4 Nc6 8. Nc3 d6 9. O-O-O Be6 10. Nge2 Rc8 11.
Nd4 Nxd4 12. Qxd4 Qxd4 13. Rxd4 a6 14. Rb4 Rc7 15. Be2 Nd7 16. Rd1 g6 17. Nd5 Bxd5 18.
Rxd5 Bg7 19. c3 O-O 20. a4 Rfc8 21. Kc2 Be5 22. Be3 Bxh2 23. f4 h5 24. g4 h4 25.
Rbd4 Bg3 26. Rd1 h3 27. Bf3 h2 28. R5d2 g5 29. Rg2 gxf4 30. Bf2 Bxf2 31. Rxf2 Ne5 32. Rh1 Kg7 33. Rhxh2 Rh8 34. Rxh8 Kxh8 35. Bd1 Ng6 36. g5 Rc5 37. Bh5 Rxg5 38. Bxg6 fxg6 39. Rxf4 Kg7 40.
b4 Rg2+ 41. Kb3 g5 42. Rf5 e6 43. Rf3 g4 44. Rd3 Re2 45. Rxd6 Rxe4 46. Rd7+ Kf6 47.
Rxb7 g3 48. Rb8 Rg4 49. Rf8+ Ke7 50. Rf1 g2 51. Rg1 e5 52. c4 e4 53. Kc3 Rg3+ 54.
Kd4 e3 55. Kd3 Kd6 56. Ke2 Kc6 57. b5+ axb5 58. axb5+ Kc5 59. Kd3 Kb6 60. Ke2 Ka5 61.
Kd3 Kb6 62. Ke2 Kc5 63. Kd3 Kd6 64. b6 Kc6 65. c5 Kb7 66. Ke2 Kc6 67. Kd3 Kb7 68.
Ke2 Ka6 69. Kd3 Kb7 70. Ke2 Kc6 71. Kd3 Kxc5 72. b7 e2+ 73. Kxe2 Rb3 74. Rxg2 Rxb7 75. Rg5+ Kd4 76. Rg4+ Ke5 77. Rg5+ Kf4 78. Ra5 Rb6 79. Kd3 Rd6+ 80. Kc4 Rd8 81. Rc5 Ke4 82. Rh5 Rd4+ 83.
Kc5 Rd1 84. Rh4+ Kd3 85. Rd4+ Kc2 86. Rxd1 Kxd1 1/2-1/2

[Event "*** Titled Tuesday 3|2 Blitz"]
[Site "Chess.com"]
[Date "2016.09.06"]
[Round "8"]
[White "DeviatkinAndrey"]
[Black "Lapitch"]
[Result "0-1"]
[WhiteElo "2603"]
[BlackElo "2572"]
[TimeControl "180+2"]
[EndTime "12:48:27 PDT"]
[Termination "Lapitch won by resignation"]

1. d4 d5 2. c4 e6 3. Nf3 c5 4. e3 Nf6 5. a3 cxd4 6. exd4 dxc4 7.
Bxc4 Be7 8. Nc3 O-O 9. O-O Nc6 10. Qd3 Nd5 11. Re1 Bf6 12. Nxd5 exd5 13. Bb3 Be6 14.
Bf4 Qb6 15. Rad1 Nxd4 16. Nxd4 Bxd4 17. Qxd4 Qxb3 18. Bh6 gxh6 19. Rd3 Qc2 20. Rg3+ Qg6 21. Rxg6+ hxg6 22. h4 h5 23. f3 Rfe8 24. g4 hxg4 25.
fxg4 Rac8 26. b3 Kh7 27. h5 gxh5 28. Qd3+ Kh6 29. Qe3+ Kh7 30. Qd3+ Kh6 31. gxh5 Rg8+ 32. Kh2 Rg5 33. Qd2 Kxh5 34. Rg1 Rxg1 35. Kxg1 b6 36. Kf2 Kg4 37. Ke3 Kf5 38. Qf2+ Kg6 39. Kd4 Kg7 40. Qg3+ Kf8 41. Qd6+ Kg7 42. Qg3+ Kf8 43.
Ke5 Ke7 44. Qh4+ Kd7 45. Qa4+ Kc7 46. Qxa7+ Kc6 47. Qa4+ Kb7 48. Qb4 Rc5 49. Qd4 Kc6 50. a4 Kb7 51. Kd6 Rc6+ 52. Ke5 Rc5 53. Kf6 Rc6 54.
Ke7 Rc7+ 55. Kf8 Rc8+ 56. Kg7 Rc7 57. Kh6 Rc5 58. Kg5 Rc7 59. Kf4 Rc6 60. Qd2 Rc5 61. Qd3 d4 62. Qxd4 Bxb3 63. Qd7+ Ka6 64. Qd3+ Bc4 65.
Qd8 Bd5 66. Ke5 Bc6+ 67. Kf6 Bxa4 68. Qa8+ Kb5 69. Kxf7 Bb3+ 70. Kf6 Bd5 71. Qa3 Bc4 72. Qb2+ Kc6 73. Qa3 Rd5 74. Qa8+ Kc5 75. Qa3+ Kb5 76. Qb2+ Kc6 77. Qb4 b5 78. Ke7 Rd7+ 79. Kf6 Rd3 80.
Ke5 Kb6 81. Ke4 Rb3 82. Qe1 Rd3 83. Qb4 Rd7 84. Ke5 Rd8 85. Ke4 Rd3 86. Qe1 Kc5 87. Qf2+ Kb4 88. Qb2+ Ka4 89. Qa1+ Kb3 90. Qb1+ Ka4 91.
Qa1+ Kb4 92. Qb1+ Kc5 93. Qg1+ Kc6 94. Ke5 b4 95. Qg6+ Kb5 96. Qg7 Ka4 97. Qa7+ Kb3 98. Ke4 Rc3 99. Qa1 Rd3 100. Qb1+ Ka4 101. Qa1+ Kb5 102. Qe5+ Rd5 103. Qb8+ Ka4 104. Qc7 Kb3 105. Qg3+ Rd3 106. Qg1 Kb2 107. Qc5 Kc3 108. Qe5+ Kc2 109. Qc5 Kc3 110. Qe5+ Kb3 111. Qa1 Rd2 112. Qb1+ Kc3 113. Qc1+ Rc2 114. Qe1+ Kb3 115. Kd4 Ka3 116. Qa1+ Ba2 117. Qd1 b3 118. Qd3 Rc6 119. Ke3 Kb2 120. Qd4+ Kb1 121. Qd1+ Rc1 122. Qd3+ Ka1 123. Qd4+ b2 124. Kd2 Bb3 125. Qa7+ Ba2 126. Qd4 Rc4 127. Qe5 Rc8 128. Qf6 Rc4 129. Qe5 Bb3 130. Qa5+ Ra4 131. Qe5 Ka2 132. Qh2 b1=Q 133. Kc3+ Qc2+ 134. Qxc2+ Bxc2 135. Kxc2 Rc4+ 0-1

[Event "*** Titled Tuesday 3|2 Blitz"]
[Site "Chess.com"]
[Date "2016.09.06"]
[Round "9"]
[White "OparinGrigoriy"]
[Black "GianmarcoVaR"]
[Result "1-0"]
[WhiteElo "2596"]
[BlackElo "2419"]
[TimeControl "180+2"]
[EndTime "12:50:23 PDT"]
[Termination "OparinGrigoriy won by resignation"]

1. e4 c6 2. Nc3 d5 3. Nf3 Bg4 4.
h3 Bxf3 5. Qxf3 Nf6 6. g3 e6 7.
Bg2 Bb4 8. O-O Bxc3 9. Qxc3 O-O 10. exd5 cxd5 11. Qb3 Qc7 12. c3 Nc6 13. d3 Rfe8 14.
Re1 h6 15. a4 Qb6 16. Qxb6 axb6 17. Be3 Ra6 18. b4 Nd7 19. b5 1-0

[Event "*** Titled Tuesday 3|2 Blitz"]
[Site "Chess.com"]
[Date "2016.09.06"]
[Round "9"]
[White "nonscitis"]
[Black "mwpchess"]
[Result "1/2-1/2"]
[WhiteElo "2350"]
[BlackElo "2434"]
[TimeControl "180+2"]
[EndTime "12:50:40 PDT"]
[Termination "Game drawn by agreement"]

1. e4 c6 2. Nc3 d5 3. Nf3 Bg4 4.
h3 Bxf3 5. Qxf3 e6 6. d4 Nf6 7. Bd3 dxe4 8. Nxe4 Nxe4 9. Bxe4 Nd7 10. c3 Nf6 11.
Bg5 Be7 12. Bxf6 Bxf6 13. O-O 1/2-1/2

[Event "*** Titled Tuesday 3|2 Blitz"]
[Site "Chess.com"]
[Date "2016.09.06"]
[Round "9"]
[White "NTBT_DHS"]
[Black "Tash_Boy"]
[Result "1-0"]
[WhiteElo "2534"]
[BlackElo "2418"]
[TimeControl "180+2"]
[EndTime "12:51:36 PDT"]
[Termination "NTBT_DHS won by resignation"]

1. d4 Nf6 2. c4 g6 3. Nc3 Bg7 4. e4 d6 5. Nf3 O-O 6. h3 e5 7.
d5 Nh5 8. Nh2 Nf4 9. g3 Nxh3 10.
Nf3 f5 11. Bxh3 Na6 12. Be3 f4 13. Bxc8 Qxc8 14. gxf4 Qg4 15. Ng5 Qg2 16. Qf3 1-0

[Event "*** Titled Tuesday 3|2 Blitz"]
[Site "Chess.com"]
[Date "2016.09.06"]
[Round "9"]
[White "ftorodent"]
[Black "MateusViageiro"]
[Result "1-0"]
[WhiteElo "2482"]
[BlackElo "2351"]
[TimeControl "180+2"]
[EndTime "12:51:38 PDT"]
[Termination "ftorodent won by resignation"]

1. d4 Nf6 2. c4 e6 3. Nf3 b6 4. g3 Bb7 5. Bg2 Bb4+ 6. Bd2 Qe7 7. O-O O-O 8. Nc3 d5 9. Ne5 Bxc3 10. Bxc3 c6 11.
Qd2 Rd8 12. cxd5 Nxd5 13. Rac1 Nd7 14. Nd3 c5 15. dxc5 Nxc5 16. Nxc5 Nf4 17. Qxf4 Bxg2 18. Kxg2 bxc5 19. Rfd1 f6 20. Qc4 Kh8 21. Ba5 Rxd1 22.
Rxd1 Rc8 23. b3 1-0

[Event "*** Titled Tuesday 3|2 Blitz"]
[Site "Chess.com"]
[Date "2016.09.06"]
[Round "9"]
[White "DeviatkinAndrey"]
[Black "lionheart95"]
[Result "0-1"]
[WhiteElo "2587"]
[BlackElo "2483"]
[TimeControl "180+2"]
[EndTime "12:53:15 PDT"]
[Termination "lionheart95 won by resignation"]

1. e4 e5 2. Nf3 Nc6 3. Bb5 g6 4.
h4 h6 5. h5 g5 6. d3 Bg7 7. Nbd2 Nge7 8. Nc4 a6 9. Bxc6 Nxc6 10. b3 O-O 11. Bb2 d6 12. Ne3 Ne7 13. g4 c6 14. d4 d5 15. dxe5 dxe4 16. Qxd8 Rxd8 17. Nd2 Nd5 18. Nxe4 Nxe3 19. fxe3 Bxg4 20. Nd6 Rxd6 21. exd6 Bxb2 22. Rb1 Be5 23. Rg1 Bxh5 24. Rh1 Bg6 25. Rxh6 Bxd6 26. Rd1 Bb4+ 27. Ke2 Kg7 28. Rh2 Re8 29.
c4 Bc5 30. Rh3 Bxe3 31. Rxe3 Bh5+ 0-1

[Event "*** Titled Tuesday 3|2 Blitz"]
[Site "Chess.com"]
[Date "2016.09.06"]
[Round "9"]
[White "cassoulet"]
[Black "popov_m"]
[Result "1-0"]
[WhiteElo "2309"]
[BlackElo "2142"]
[TimeControl "180+2"]
[EndTime "12:53:34 PDT"]
[Termination "cassoulet won by resignation"]

1. e4 e6 2. d4 d5 3. Nc3 Bb4 4. Ne2 Nc6 5. a3 Ba5 6. exd5 exd5 7. Ng3 Bxc3+ 8. bxc3 Nge7 9. Bd3 Be6 10. O-O Qd7 11.
f4 g6 12. f5 gxf5 13. Nh5 Ng8 14. Bg5 h6 15. Bh4 Nce7 16. Ng7+ Kd8 17. Nxf5 Kc8 18.
Ng7 f5 19. Qe2 Bf7 20. Nxf5 1-0

[Event "*** Titled Tuesday 3|2 Blitz"]
[Site "Chess.com"]
[Date "2016.09.06"]
[Round "9"]
[White "Usurpov"]
[Black "putinwarrior"]
[Result "1-0"]
[WhiteElo "2329"]
[BlackElo "2342"]
[TimeControl "180+2"]
[EndTime "12:54:01 PDT"]
[Termination "Usurpov won by resignation"]

1. e4 Nc6 2. Nf3 f5 3. d3 d6 4. g3 Nf6 5. exf5 Bxf5 6. d4 e6 7. Bg2 Be7 8. O-O O-O 9. Re1 Bg4 10. h3 Bf5 11. g4 Be4 12. Nbd2 d5 13. c3 Bd6 14. Ng5 Bxg2 15. Kxg2 Ne4 16. Ndxe4 dxe4 17. Nxe6 Qf6 18. Nxf8 Rxf8 19. Qe2 Ne7 20. Rf1 Ng6 21. Qxe4 Nh4+ 22. Kh1 Qxf2 23. Rxf2 Rxf2 24. Be3 Rh2+ 25.
Kg1 Rxh3 26. Qe8+ Bf8 27. Rf1 Rg3+ 28. Kh2 1-0

[Event "*** Titled Tuesday 3|2 Blitz"]
[Site "Chess.com"]
[Date "2016.09.06"]
[Round "9"]
[White "SavelijTartakover"]
[Black "RodinMihail"]
[Result "1-0"]
[WhiteElo "2468"]
[BlackElo "2338"]
[TimeControl "180+2"]
[EndTime "12:54:17 PDT"]
[Termination "SavelijTartakover won by checkmate"]

1. d4 d5 2. c4 e6 3. Nf3 Nf6 4. Nc3 c6 5. cxd5 exd5 6. Qc2 g6 7. Bg5 Be7 8. e4 dxe4 9. Bxf6 Bxf6 10. Qxe4+ Qe7 11.
O-O-O O-O 12. Bc4 Qb4 13. Bb3 Bf5 14. Qf4 Bg7 15. h4 h5 16. Ne5 Nd7 17. g4 Bxe5 18. Qd2 Bxg4 19. dxe5 Nxe5 20. Qd6 Qf4+ 21. Qd2 Qf3 22.
Rhe1 Rad8 23. Qxd8 Rxd8 24. Rxd8+ Kg7 25. Rxe5 Qf4+ 26. Re3 Qxf2 27. Re7 Qxh4 28. Rxf7+ Kh6 29. Rh8+ Kg5 30. Ne4# 1-0

[Event "*** Titled Tuesday 3|2 Blitz"]
[Site "Chess.com"]
[Date "2016.09.06"]
[Round "9"]
[White "petrpalachev"]
[Black "Anton_Demchenko"]
[Result "0-1"]
[WhiteElo "2408"]
[BlackElo "2592"]
[TimeControl "180+2"]
[EndTime "12:54:24 PDT"]
[Termination "Anton_Demchenko won by resignation"]

1. Nf3 Nf6 2. g3 g6 3. b3 Bg7 4.
Bb2 O-O 5. Bg2 d6 6. O-O Nbd7 7. c4 Re8 8. d3 e5 9. Nc3 c6 10. b4 a6 11. Qb3 Nf8 12. a4 Ne6 13. e3 Bd7 14.
Ne4 Qc7 15. Rfd1 a5 16. Nxf6+ Bxf6 17. b5 Nc5 18. Qc2 Bf5 19. Qe2 Bxd3 20. Rxd3 Nxd3 21. Qxd3 e4 22. b6 Qxb6 23. Bd4 exd3 24. Bxb6 Bxa1 25.
Kf1 Bc3 26. Ng5 Bb4 27. Bd4 f5 28. h4 Rac8 29. Bf3 b5 30. cxb5 h6 31. Nh3 cxb5 32. Bd5+ Kh7 33. axb5 Rc1+ 34. Kg2 d2 0-1

[Event "*** Titled Tuesday 3|2 Blitz"]
[Site "Chess.com"]
[Date "2016.09.06"]
[Round "9"]
[White "Tesla37"]
[Black "Astaneh"]
[Result "1-0"]
[WhiteElo "2600"]
[BlackElo "2494"]
[TimeControl "180+2"]
[EndTime "12:54:32 PDT"]
[Termination "Tesla37 won by resignation"]

1. e4 c6 2. d4 d5 3. e5 c5 4.
dxc5 Nc6 5. Nf3 e6 6. Be3 Nge7 7. c3 Nf5 8. Bd4 Bd7 9. Nbd2 Nfxd4 10. cxd4 b6 11. Nb3 bxc5 12. dxc5 Bxc5 13. Nxc5 Qa5+ 14. Qd2 Qxc5 15. Rc1 Qb6 16. Be2 O-O 17. O-O Rab8 18. b3 a5 19. Bd3 f5 20. exf6 Rxf6 21. Rfe1 Rbf8 22. Qe3 Qb8 23. Re2 g6 24. h3 Qd6 25.
Qc5 Qb8 26. Rce1 Qf4 27. Bb5 Rc8 28. Bxc6 Rxc6 29. Qxa5 Rc1 30. Qd8+ 1-0

[Event "*** Titled Tuesday 3|2 Blitz"]
[Site "Chess.com"]
[Date "2016.09.06"]
[Round "9"]
[White "Drags95"]
[Black "Maitreia"]
[Result "1-0"]
[WhiteElo "2402"]
[BlackElo "2397"]
[TimeControl "180+2"]
[EndTime "12:54:42 PDT"]
[Termination "Drags95 won by checkmate"]

1. d4 Nf6 2. c4 e5 3. dxe5 Ng4 4. Nf3 Bc5 5. e3 Nc6 6. Be2 O-O 7. O-O Re8 8. Nc3 Ngxe5 9. b3 Nxf3+ 10. Bxf3 Ne5 11. Be2 a5 12. Bb2 Ra6 13. Ne4 Ba7 14. Ng3 Rh6 15.
Nf5 Rf6 16. e4 d6 17. Qc2 Bxf5 18. exf5 Rh6 19. g3 Qg5 20. Bc1 Qf6 21. Bxh6 Qxh6 22. Kg2 Qf6 23. Rfe1 g5 24. h3 Nc6 25.
Bh5 Kg7 26. Rxe8 Qxa1 27. Rc8 Bb6 28. Qe4 Qxa2 29. f6+ Kh6 30. Qf3 Ne5 31. Qe2 Qxb3 32. h4 gxh4 33. Rg8 Ng6 34. Bxg6 hxg6 35. Qd2+ Kh5 36. Rh8+ Kg4 37. Qf4# 1-0

[Event "*** Titled Tuesday 3|2 Blitz"]
[Site "Chess.com"]
[Date "2016.09.06"]
[Round "9"]
[White "pedromartinez91"]
[Black "saraswathii"]
[Result "1-0"]
[WhiteElo "2375"]
[BlackElo "2106"]
[TimeControl "180+2"]
[EndTime "12:55:31 PDT"]
[Termination "pedromartinez91 won by checkmate"]

1. e4 c5 2. Nf3 e6 3. d4 cxd4 4. Nxd4 Nf6 5. Bd3 Nc6 6. Nxc6 bxc6 7. O-O d5 8. exd5 cxd5 9. c4 Bb7 10. Nc3 Be7 11.
cxd5 Nxd5 12. Bb5+ Kf8 13. Nxd5 Qxd5 14. Qxd5 Bxd5 15.
Be3 Bf6 16. Bc5+ Kg8 17. Ba3 g6 18. Rfc1 Rb8 19. Bc4 Kg7 20. Bxd5 exd5 21. Rab1 Rhc8 22. b3 d4 23. Bd6 Rxc1+ 24. Rxc1 Rb6 25. Bc5 Ra6 26.
a4 Ra5 27. Rc4 d3 28. Kf1 Ra6 29. Be3 Rd6 30. Ke1 a6 31. Kd2 Be5 32. Bf4 Kf6 33. Bxe5+ Kxe5 34. Rc3 Ke4 35. f3+ Kf4 36. Rxd3 Rf6 37.
Rd5 Rb6 38. Ke2 Rxb3 39. g3# 1-0

[Event "*** Titled Tuesday 3|2 Blitz"]
[Site "Chess.com"]
[Date "2016.09.06"]
[Round "9"]
[White "Pudor"]
[Black "chorejason"]
[Result "1-0"]
[WhiteElo "2374"]
[BlackElo "2034"]
[TimeControl "180+2"]
[EndTime "12:55:40 PDT"]
[Termination "Pudor won by resignation"]

1. d4 Nf6 2. c4 g6 3. Nc3 Bg7 4. e4 d6 5. Nf3 O-O 6. Be2 e5 7. O-O Nc6 8. d5 Ne7 9. Ne1 Nd7 10. Nd3 f5 11. Bd2 Nf6 12. f3 f4 13.
g4 fxg3 14. hxg3 Nh5 15. Kg2 Kh8 16. Rh1 Ng8 17. Be3 Bh6 18. Bxh6 Nxh6 19. Qd2 Kg7 20. Rh2 Nf7 21. Rah1 Bd7 22. f4 Qe7 23. Bxh5 gxh5 24. Rxh5 Rg8 25. Rxh7+ Kf8 26. f5 Qf6 27. Nf2 Ke7 28.
R1h6 Qg5 29. Qxg5+ Rxg5 30. Rg6 Rg8 31. Rxg8 Rxg8 32. Nh3 Kf6 33. Kf3 Bc8 34. g4 c6 35.
Ne2 cxd5 36. cxd5 b6 37. Ng3 Ba6 38. Nh5+ Ke7 39. g5 Rh8 40. Rxh8 Nxh8 41. g6 1-0

[Event "*** Titled Tuesday 3|2 Blitz"]
[Site "Chess.com"]
[Date "2016.09.06"]
[Round "9"]
[White "VMikhalevski"]
[Black "Zhani-Z"]
[Result "1-0"]
[WhiteElo "2445"]
[BlackElo "2263"]
[TimeControl "180+2"]
[EndTime "12:55:50 PDT"]
[Termination "VMikhalevski won by resignation"]

1. b3 Nf6 2. Bb2 e6 3. f4 c5 4.
Nf3 b6 5. e3 Bb7 6. Bd3 Be7 7.
O-O d6 8. Nc3 Nbd7 9. Qe1 a6 10.
a3 b5 11. a4 b4 12. Ne2 O-O 13. Qh4 Be4 14. Qh3 Bxd3 15. cxd3 Ne8 16. f5 e5 17. g4 f6 18. e4 d5 19. Kh1 dxe4 20. dxe4 Nb8 21. g5 Qd3 22. Ng3 Nc6 23. Rab1 Nd6 24.
Qg4 c4 25. Rfe1 cxb3 26. Nh5 Nc4 27. Nxg7 Kxg7 28. gxf6+ Kxf6 29. Ng5 Rg8 30. Nxh7+ Kf7 31. Qh5+ Kg7 32. Rg1+ 1-0

[Event "*** Titled Tuesday 3|2 Blitz"]
[Site "Chess.com"]
[Date "2016.09.06"]
[Round "9"]
[White "goingin33"]
[Black "Saitama_Hero"]
[Result "1-0"]
[WhiteElo "2170"]
[BlackElo "2267"]
[TimeControl "180+2"]
[EndTime "12:56:01 PDT"]
[Termination "goingin33 won by resignation"]

1. e4 c5 2. Nf3 Nc6 3. d4 cxd4 4. Nxd4 Nf6 5. Nc3 d6 6. g3 e6 7. Bg2 Bd7 8. O-O a6 9. a4 Rc8 10. Nb3 Be7 11. a5 O-O 12. Be3 Ne5 13. f4 Nc4 14.
Bc1 b6 15. axb6 Qxb6+ 16. Kh1 Rfd8 17. g4 d5 18. e5 Ne4 19. Nxe4 dxe4 20. Qe2 e3 21. f5 Bb5 22. fxe6 Qxe6 23. Bxe3 Qxe5 24. Rfe1 Qxb2 25. Bd4 Bf6 26. Bxb2 Bxb2 27. Rad1 Bc3 28. Rxd8+ Rxd8 29. Rd1 Re8 30. Qxe8+ Bxe8 31. Rd8 Kf8 32. Bc6 Ke7 33. Rxe8+ Kd6 34. Bg2 a5 35. Rc8 1-0

[Event "*** Titled Tuesday 3|2 Blitz"]
[Site "Chess.com"]
[Date "2016.09.06"]
[Round "9"]
[White "talaicito"]
[Black "Ksenia_Legenko"]
[Result "1-0"]
[WhiteElo "1989"]
[BlackElo "2006"]
[TimeControl "180+2"]
[EndTime "12:56:05 PDT"]
[Termination "talaicito won by resignation"]

1. e4 c6 2. Bc4 d5 3. Bb3 e6 4. e5 c5 5. c3 Nc6 6. d4 Qb6 7. Ne2 Bd7 8. O-O Nge7 9. Kh1 Nf5 10. g4 Nh4 11. f4 h5 12. gxh5 Nf5 13. Ng3 Nxg3+ 14. hxg3 cxd4 15. Kg2 Bc5 16. Nd2 dxc3 17. bxc3 Nd4 18. cxd4 Bxd4 19. Rb1 Bb5 20. Ba4 a6 21.
Rh1 O-O 22. Bc2 Rac8 23. a4 Qc7 24. axb5 Qxc2 25. Qxc2 Rxc2 26. bxa6 bxa6 27. Kf3 Rfc8 28. h6 g6 29. h7+ Kg7 30. Ba3 Rxd2 31. Be7 f5 32. Bf6+ Kf7 33. Rb7+ 1-0

[Event "*** Titled Tuesday 3|2 Blitz"]
[Site "Chess.com"]
[Date "2016.09.06"]
[Round "9"]
[White "Lali-Rustavi"]
[Black "Polemistis"]
[Result "0-1"]
[WhiteElo "1800"]
[BlackElo "1835"]
[TimeControl "180+2"]
[EndTime "12:56:07 PDT"]
[Termination "Polemistis won by resignation"]

1. e4 c5 2. Nc3 Nc6 3. f4 g6 4. Nf3 Bg7 5. Bc4 d6 6. f5 gxf5 7. d3 fxe4 8. dxe4 e6 9. O-O Nf6 10. Bg5 O-O 11. Qe1 a6 12. a4 h6 13. Bf4 e5 14. Be3 Nd4 15. Qh4 Ng4 16. Qxd8 Rxd8 17. Bxd4 cxd4 18. Nd5 Be6 19. Bd3 Bxd5 20. exd5 Nf6 21.
Nh4 Nxd5 22. Bc4 Nf4 23. g3 d5 24. gxf4 dxc4 25. Nf5 b5 26. Kh1 Kh8 27. Nxg7 Kxg7 28. fxe5 b4 29. Rf6 Rd5 30. Rg1+ Kf8 31. e6 Ra7 32.
Rgf1 d3 33. cxd3 cxd3 34. exf7 d2 35. Rd1 Re7 36. Kg2 Re1 37. Rf1 Rg5+ 38. Kh3 Rxf1 39. Rxf1 Rc5 40. Rd1 Rc2 41. b3 Kxf7 42. Kg4 Kf6 43.
h4 Ke5 44. Kh5 Kd4 45. Kxh6 Kd3 46. h5 Ke2 47. Rh1 d1=Q 48. Rxd1 Kxd1 49. Kg7 Rh2 50. h6 Kc2 51. h7 Kxb3 52. h8=Q Rxh8 53. Kxh8 Kxa4 54.
Kg7 b3 0-1

[Event "*** Titled Tuesday 3|2 Blitz"]
[Site "Chess.com"]
[Date "2016.09.06"]
[Round "9"]
[White "macko06"]
[Black "FearlessKing64"]
[Result "0-1"]
[WhiteElo "2169"]
[BlackElo "2308"]
[TimeControl "180+2"]
[EndTime "12:56:28 PDT"]
[Termination "FearlessKing64 won by resignation"]

1. Nf3 Nf6 2. c4 g6 3. Nc3 d5 4. cxd5 Nxd5 5. Qa4+ Nc6 6. Ne5 Nxc3 7.
dxc3 Bd7 8. Nxd7 Qxd7 9. Qh4 O-O-O 10. Bh6 Bxh6 11. Qxh6 Qf5 12. Qc1 Ne5 13. g3 Ng4 14. f3 Ne5 15. Bg2 Nc4 16. O-O Qc5+ 17. Kh1 Ne3 18.
Re1 Nxg2 19. Kxg2 h5 20. Qf4 h4 21. Rad1 hxg3 22. hxg3 Rdf8 23. Qg4+ e6 24. Qd4 Qxd4 25. Rxd4 Rd8 26. Red1 Rxd4 27. Rxd4 Rd8 28. Rxd8+ Kxd8 29. Kf2 Kd7 30. Ke3 Kd6 31. Kd4 e5+ 32. Kc4 f5 33. e4 fxe4 34. fxe4 c6 35. a4 b6 36.
b4 a6 37. Kd3 Ke6 38. c4 c5 39.
bxc5 bxc5 40. Ke3 Kf6 41. Kf3 Kg5 42. Kf2 Kg4 43. Kg2 a5 44. Kf2 Kh3 45. Kf3 g5 46. Kf2 g4 0-1